 Dungeon Crawl Stone Soup version 0.28.0-43-g3370ac3207 (webtiles) character file.

Game seed: 4510844693637940116

1376 croobank the Chopper (level 8, -1/70 (71) HPs)
             Began as a Hill Orc Fighter on Mar 19, 2022.
             Was a Follower of Beogh.
             Killed by divine providence
             ... invoked by an orc priest
              (17 damage)
             ... on level 6 of the Dungeon.
             The game lasted 00:16:31 (5909 turns).

croobank the Chopper (Hill Orc Fighter)             Turns: 5909, Time: 00:16:31

HP:   -1/70 (71)    AC:  8    Str: 21    XL:     8   Next: 66%
MP:   11/11         EV: 24    Int:  8    God:    Beogh [*.....]
Gold: 213           SH:  5    Dex: 10    Spells: 7/7 levels left

rFire   + . .      SeeInvis .   a - +2 war axe (venom)
rCold   . . .      Faith    .   c - +0 buckler
rNeg    . . .      Spirit   .   k - +0 scale mail
rPois   .          Reflect  .   (no helmet)
rElec   .          Harm     .   o - +0 cloak
rCorr   .          Rampage  .   (no gloves)
Will    .....                   (no boots)
Stlth   ..........              i - amulet of the acrobat
HPRegen 0.21/turn               p - ring of protection from fire
MPRegen 0.12/turn               (no ring)

@: acrobatic, lightly drained
A: no striking features
a: Renounce Religion


You were on level 6 of the Dungeon.
You worshipped Beogh.
Beogh was aware of your devotion.
You visited 1 branch of the dungeon, and saw 6 of its levels.
You also visited: Sewer.

You collected 261 gold pieces.
You spent 48 gold pieces at shops.

Inventory:

Hand Weapons
 a - a +2 war axe of venom (weapon)
 b - a +0 hand crossbow
Missiles
 e - 85 stones (quivered)
 m - 6 javelins
 w - 27 arrows
 y - 45 bolts
Armour
 c - a +0 buckler (worn)
 k - a +0 scale mail (worn)
 n - a +0 chain mail
 o - a +0 cloak (worn)
 z - a +0 plate armour
Jewellery
 i - an amulet of the acrobat (around neck)
 p - a ring of protection from fire (left hand)
 s - an amulet of faith
Wands
 g - a wand of polymorph (2)
 B - a wand of iceblast (7)
Scrolls
 l - a scroll of fog
 r - 3 scrolls of blinking
 u - a scroll of silence
 v - a scroll of torment {unknown}
 A - a scroll of identify
Potions
 d - a potion of might
 f - a potion of haste
 h - a potion of mutation {unknown}
 j - a potion of curing
 q - 2 potions of invisibility
 t - a potion of experience {unknown}
 x - a potion of flight {unknown}
 C - a potion of berserk rage


   Skills:
 + Level 6.8 Fighting
 + Level 6.9 Axes
 + Level 6.2 Armour
 + Level 6.2 Shields
 + Level 4.3 Invocations


You had 7 spell levels left.
You didn't know any spells.
Your spell library contained the following spells:

 Spells                   Type           Power      Damage    Failure   Level
 Animate Armour           Summ/Erth      0%         N/A       100%        4
 Blade Hands              Tmut           0%         N/A       100%        5
 Iron Shot                Conj/Erth      0%         9d1       100%        6


Dungeon Overview and Level Annotations

Branches:
Dungeon (6/15)              Sewer (visited)
 Temple: D:4-7

Altars:
Fedhas
Wu Jian
Xom

Shops:
D:3 !


Message History

The orc priest is moderately wounded.
The orc priest hits you with a +0 club.
You slash the orc priest!
You kill the orc priest!
Beogh accepts your kill.
Beogh appreciates your killing of a heretic priest.
Something hits you but does no damage.
You miss something.
A wight comes into view. It is wielding a +0 battleaxe.
Something hits you but does no damage.
You hit something.
The orc priest begins to cast a cantrip, but forgets the words!
Something hits you but does no damage.
You miss something. Something hits you but does no damage.
The orc wizard mumbles some strange words.
The orc wizard flickers and vanishes!
You miss something. Something hits you but does no damage.
You barely miss something. Something hits you but does no damage.
The orc priest mumbles some strange prayers to Beogh against you.
Beogh smites you! Something hits you but does no damage.
You barely miss something.
The orc priest looks braver for a moment.
You hear some strange, mumbled words.
A puff of flame appears from out of thin air!
The puff of flame hits you. You resist.
You slash something! Beogh accepts your kill.
Reactivating autopickup.
You feel a bit more experienced. You block the wight's attack.
You hit the wight.
The wight is heavily damaged.
The orc priest begins to cast a cantrip, but forgets the words!
The wight hits you with a +0 hand axe.
You feel drained.
The orc priest invokes the aid of Beogh against you.
Beogh smites you!
* * * LOW HITPOINT WARNING * * *
The orc priest invokes the aid of Beogh against you.
Beogh smites you!
You die...
Beogh appreciates the orc priest's killing of a heretic priest.

#........... #..
#.#......... #.#
#.##.##..... z{.
#....# .... #z#
#.#### ### #o#
#.#####.# #o#
#.......# #z#
#.########## #.#
#.>......#.#####@#
#..#####......<..#
#..#####.#.#######
#.....##.#.#
≈≈≈##......#
##≈#####.###
##≈......#
#≈≈####### #≈≈#


You could see 3 wights and 2 orc priests.

Vanquished Creatures
  A hornet zombie (D:6)
  3 black bears
  An ice beast (D:5)
  A sky beast (D:6)
  2 ogres
  A phantom (D:6)
  2 electric eels (D:6)
  A bullfrog zombie (D:5)
  2 jellies
  A hound (D:4)
  An orc priest (D:6)
  2 bullfrog skeletons
  An iguana (D:3)
  3 orc wizards
  8 adders
  A river rat (Sewer)
  An ufetubus (D:4)
  7 worms
  3 dart slugs
  7 orcs
  5 bats
  7 endoplasms
  4 giant cockroaches
  4 goblins
  6 hobgoblins
  7 jackals
  9 kobolds
  A quokka (D:4)
  11 ball pythons
  3 frilled lizards
  11 rats
117 creatures vanquished.

Notes
Turn   | Place    | Note
-------+----------+-------------------------------------------
     0 | D:1      | croobank the Hill Orc Fighter began the quest for the Orb.
     0 | D:1      | Reached XP level 1. HP: 19/19 MP: 1/1
   256 | D:1      | Reached XP level 2. HP: 18/27 MP: 2/2
   607 | D:1      | Found a faded altar of an unknown god.
   878 | D:1      | Found an ornate altar of the Wu Jian Council.
  1111 | D:1      | Reached XP level 3. HP: 30/33 MP: 3/3
  1623 | D:2      | Found a shimmering altar of Xom.
  1816 | D:2      | Noticed a black bear
  1823 | D:2      | Killed a black bear
  1824 | D:2      | Reached XP level 4. HP: 41/41 MP: 4/4
  1824 | D:2      | Reached XP level 5. HP: 47/47 MP: 5/5
  2309 | D:3      | Found Heopn's Distillery.
  2327 | D:3      | Bought a potion of might for 48 gold pieces
  2413 | D:3      | Noticed an ogre
  2420 | D:3      | Killed an ogre
  2421 | D:3      | Reached skill level 5 in Fighting
  2421 | D:3      | Reached XP level 6. HP: 56/56 MP: 6/6
  2680 | D:3      | Found a blossoming altar of Fedhas.
  2747 | D:4      | Reached skill level 5 in Axes
  3001 | D:4      | Became a worshipper of Beogh the Brigand
  3549 | D:4      | Reached skill level 5 in Armour
  3549 | D:4      | Reached skill level 5 in Shields
  3549 | D:4      | Reached skill level 1 in Invocations
  3940 | D:5      | Entered Level 5 of the Dungeon
  3940 | D:5      | Found a glowing drain.
  3970 | D:5      | Noticed a black bear
  3970 | D:5      | Noticed a black bear
  3977 | D:5      | Killed a black bear
  3978 | D:5      | Reached XP level 7. HP: 61/61 MP: 6/8
  4007 | Sewer    | Entered a sewer
  4570 | D:5      | Reached * piety under Beogh
  4947 | D:5      | Reached XP level 8. HP: 56/70 MP: 10/10
  5909 | D:6      | Killed from afar by an orc priest

Illustrated notes

Levels and vault maps discovered:
D:1:      tarquinn_simple_flora_water_a, layout_loops_corners,
          nicolae_ecumenical_snake_handling, amcnicky_mini_rare_corridor_liquid,
          kennysheep_flooded_box, patterned_corridor
D:2:      layout_basic, basic_altar, minmay_crystal_water, st_stairs_5
D:3:      layout_rooms, mainiacjoe_overflow_alcove_2, serial_shops,
          nicolae_shop_stone, nrook_uturn
D:4:      layout_layer_cave
D:5:      layout_rooms, gup_sewer_entry_glass, kennysheep_generic_room_12
D:6:      layout_loops_cross, minmay_temple_entry_glassed_door,
          amethyst_killhole, nicolae_concentric_dashed_squares_mild,
          lightli_minifort, uniq_crazy_yiuf_cottage

Skill      XL: |  1  2  3  4  5  6  7  8 |
---------------+-------------------------+-----
Axes           | 3 4 5 6 |  6.9
Fighting       | 4 5 6 |  6.8
Armour         | 4 5 6 |  6.2
Shields        | 4 5 6 |  6.2
Invocations    | 1 3 4 |  4.3

Action                   |  1- 3 |  4- 6 |  7- 9 || total
-------------------------+-------+-------+-------++-------
Melee: War axe           |   108 |    97 |   171 ||   376
 Fire: Hand crossbow     |       |       |     7 ||     7
Throw: Stone             |       |     4 |       ||     4
Invok: Convert to Beogh  |       |     1 |       ||     1
  Use: Scroll            |     2 |     6 |     2 ||    10
       Potion            |       |     2 |     3 ||     5
Armor: Scale mail        |    60 |    51 |    71 ||   182
Dodge: Dodged            |    49 |    55 |    80 ||   184
Block: Buckler           |    25 |    19 |    38 ||    82
